Cogmind - Beta 11.1 --- EXPLORER MODE // 2022.08.22 @ 01:58:47 Player: REBUS Result: Destroyed by D-53 Grenadier with Mini Grenade Launcher Performance ------------- Evolutions (1) 500 Regions Visited (3) 600 Robots Destroyed (19) 95 Value Destroyed (362) 362 Prototype IDs (0) 0 Alien Tech Used (0) 0 Bonus (0) 0 TOTAL SCORE: 1557 Bonus ------- None Cogmind --------- Core Integrity 0/400 Matter 300/300 Energy 98/100 System Corruption 1% Temperature Cool (0) Movement Core (50) Location -9/Mines Parts ------- > --- POWER (1) -------- (None) > --- PROPULSION (3) --- (None) > --- UTILITY (4) ------ (None) > --- WEAPON (2) ------- (None) > --- INVENTORY (5) ---- Aluminum Leg Aluminum Leg Heat Sink Large Storage Unit Compact Matter Pod (123) Peak State ------------ > --- POWER ------------ Light Ion Engine > --- PROPULSION ------- Aluminum Leg Aluminum Leg Aluminum Leg > --- UTILITY ---------- Medium Storage Unit Targeting Computer Weapon Shielding Hardlight Generator > --- WEAPON ----------- Small Laser > --- INVENTORY -------- Ion Engine Aluminum Leg Aluminum Leg Heat Sink Large Storage Unit Compact Matter Pod ECM Suite Medium Laser [Rating: 12] Favorites ----------- Power Light Ion Engine Engine Light Ion Engine Propulsion Aluminum Leg Leg Aluminum Leg Utility Medium Storage Unit Device Hardlight Generator Storage Medium Storage Unit Processor Targeting Computer Protection Light Armor Plating Weapon Assault Rifle Energy Gun Small Laser Ballistic Gun Assault Rifle Build | -11 -10 -9 -9 ------- Run | Scr Mat Mat Min Slots Evolved 3 | . 1 2 . Power . | . . . . Propulsion 1 | . 1 . . Utility 2 | . . 2 . Weapon . | . . . . Parts Attached 20 | 8 5 3 4 Power 6 | 2 2 . 2 Engine 6 | 2 2 . 2 Core . | . . . . Reactor . | . . . . Propulsion 6 | 2 3 1 . Treads . | . . . . Leg 6 | 2 3 1 . Wheel . | . . . . Hover . | . . . . Flight . | . . . . Utility 5 | 2 . 2 1 Device 1 | . . . 1 Storage 1 | 1 . . . Processor 1 | . . 1 . Hackware . | . . . . Protection 2 | 1 . 1 . Artifact . | . . . . Weapon 3 | 2 . . 1 Energy Gun 2 | 1 . . 1 Energy Cannon . | . . . . Ballistic Gun 1 | 1 . . . Ballistic Cannon . | . . . . Launcher . | . . . . Special Weapon . | . . . . Impact Weapon . | . . . . Slashing Weapon . | . . . . Piercing Weapon . | . . . . Special Melee Weapon . | . . . . Unidentified Prototypes . | . . . . Parts Lost 14 | . 1 . 13 Power 4 | . 1 . 3 Propulsion 3 | . . . 3 Utility 4 | . . . 4 Weapon 3 | . . . 3 Highest Loss Streak 13 | . 1 . 13 To Critical Strikes . | . . . . Average Slot Usage (%) 97 | . 98 100 86 Engine 10 | . 10 10 7 Leg 34 | . 36 30 25 Storage 11 | . 12 10 10 Processor 2 | . . 10 10 Protection 13 | . 12 20 15 Energy Gun 11 | . 12 10 11 Ballistic Gun 11 | . 12 10 7 Naked Turns 2 | . . . 2 Heaviest Build 21 | 21 21 20 20 Greatest Support 30 | 20 30 30 30 Greatest Overweight (x) 5 | 3 . . 5 Average Overweight (x) . | . . . . Largest Inventory Capacity 10 | 10 10 10 10 Average Capacity 9 | 9 10 10 9 Most Carried 10 | 6 10 10 10 Average Carried 6 | 3 7 8 8 Final Capacity 10 | 10 10 10 5 Final Carried 10 | 6 9 10 5 Class Distribution -------------------- 100% | Hacker-Mutant Dominant Class ---------------- Hacker-Mutant | -10/Materials Hacker-Mutant | -9/Materials Hacker-Mutant | -9/Mines Resources | -11 -10 -9 -9 ----------- Run | Scr Mat Mat Min Matter Collected 591 | 292 142 72 85 Remotely . | . . . . Salvage Created 636 | 122 409 78 27 Parts 33 | 2 27 4 . Haulers Intercepted . | . . . . Recyclers Shooed 1 | . 1 . . Parts Field Recycled . | . . . . Retrieved Matter . | . . . . Parts Self-Destructed . | . . . . Prevented . | . . . . Kills | -11 -10 -9 -9 ------- Run | Scr Mat Mat Min Combat Hostiles Destroyed 14 | . 10 2 2 Guns 14 | . 10 2 2 Classes Destroyed 8 | 2 5 . 1 Worker 3 | 1 2 . . Builder 1 | . 1 . . Tunneler 1 | . 1 . . Recycler 1 | 1 . . . Watcher 1 | . 1 . . Swarmer 4 | . 4 . . Grunt 8 | . 6 2 . Assembled 2 | . . . 2 Best Kill Streak 5 | 1 5 2 2 Combat Bots Only 4 | . 4 2 2 Max Kills in Single Turn 1 | 1 1 1 1 Gunslinging . | . . . . Exploded . | . . . . Melee . | . . . . Uniques/NPCs Destroyed . | . . . . Combat | -11 -10 -9 -9 -------- Run | Scr Mat Mat Min Damage Taken 1493 | . 356 31 1106 Core 423 | . 15 . 408 Absorbed by Shields 76 | . . . 76 Redirected to Shielding 45 | . . 2 43 Core Remaining (%) 97 | 100 94 . . Volleys Fired 56 | 4 39 6 7 Largest 2 | 2 2 2 2 Hottest 90 | 60 60 60 90 Shots Fired 104 | 8 73 12 11 Gun 104 | 8 73 12 11 Cannon . | . . . . Launcher . | . . . . Special . | . . . . Kinetic 52 | 4 39 6 3 Thermal 52 | 4 34 6 8 Explosive . | . . . . Electromagnetic . | . . . . Robot Hit Streak 17 | 6 16 17 6 Robot Miss Streak 2 | . 2 . 1 Penetration Max . | . . . . Secondary Targets 6 | . 4 1 1 Max Gunslinging Chain 1 | . 1 1 1 Shots Hit Robots 87 | 6 62 11 8 Core Hits 37 | 3 23 6 5 Critical Kills . | . . . . Critical Parts Destroyed . | . . . . Critical Strikes 1 | . . . 1 Burn 1 | . . . 1 Melee Attacks . | . . . . Impact . | . . . . Slashing . | . . . . Piercing . | . . . . Sneak Attacks . | . . . . Combat Hostiles . | . . . . Follow-up Attacks . | . . . . Damage Inflicted 1047 | 68 746 124 109 Guns 1023 | 68 725 121 109 Cannons . | . . . . Explosions . | . . . . Melee . | . . . . Ramming 24 | . 21 3 . Kinetic 501 | 26 376 58 41 Thermal 522 | 42 349 63 68 Explosive . | . . . . Electromagnetic . | . . . . Impact . | . . . . Slashing . | . . . . Piercing . | . . . . Highest Corruption 1 | . . . 1 Average Corruption 1 | . . . 1 Corruption Purged . | . . . . Corruption Blocked . | . . . . Overload Shots . | . . . . Overflow Damage . | . . . . Projectiles . | . . . . Explosions . | . . . . Melee . | . . . . Knockbacks . | . . . . Impact . | . . . . Kinetic . | . . . . Secondary . | . . . . Self-Inflicted Damage . | . . . . Shots . | . . . . Rammed . | . . . . Targets Rammed 10 | . 8 2 . Kicked 10 | . 8 2 . Crushed . | . . . . Highest Temperature 270 | 27 270 18 28 Average Temperature 104 | 12 132 15 9 Received Heat Transfer 405 | . 261 30 114 Effects 1 | . 1 . . Energy Bleed 1 | . 1 . . Siege Activations . | . . . . Robots Corrupted . | . . . . Combat Hostiles . | . . . . Parts Fried . | . . . . Impact Corruptions . | . . . . Robots Melted . | . . . . Combat Hostiles . | . . . . Parts Melted . | . . . . Heat Transferred 1273 | 100 775 150 248 Parts Sabotaged . | . . . . Parts Stolen . | . . . . Parts Stripped . | . . . . Power Chain Reactions . | . . . . Missiles Intercepted . | . . . . Alert | -11 -10 -9 -9 ------- Run | Scr Mat Mat Min Peak Influence 280 | 10 280 103 28 Initial 28 | . 4 8 28 Average 39 | 2 55 37 16 Maximum Alert Level 1 | . 1 . . Low Security (%) 91 | 100 86 100 100 Level 1 8 | . 13 . . Level 2 . | . . . . Level 3 . | . . . . Level 4 . | . . . . Level 5 . | . . . . High Security . | . . . . Max Security . | . . . . Squads Dispatched 3 | . 2 1 . Investigation 2 | . 2 . . Extermination . | . . . . Reinforcement 1 | . . 1 . Assault . | . . . . Garrison . | . . . . Intercept . | . . . . Searches Triggered . | . . . . Construction Impeded . | . . . . Haulers Reinforced . | . . . . Active Scanning Responses . | . . . . Cargo Convoy Interrupts . | . . . . Stealth | -11 -10 -9 -9 --------- Run | Scr Mat Mat Min Distress Signals 1 | . . 1 . Communications Jammed . | . . . . Distress Signals . | . . . . Times Spotted 39 | . 14 7 18 Peak Tracking Total 16 | . 6 3 16 Tactical Retreats 1 | . . . 1 Traps | -11 -10 -9 -9 ------- Run | Scr Mat Mat Min Traps Triggered 1 | . 1 . . Indirectly . | . . . . Trap Hack Attempts . | . . . . Triggered . | . . . . Disarmed . | . . . . Reprogrammed . | . . . . Reused . | . . . . Traps Extracted . | . . . . Installed . | . . . . Triggered . | . . . . Machines | -11 -10 -9 -9 ---------- Run | Scr Mat Mat Min Machines Disabled . | . . . . Max in Single Turn . | . . . . Machines Sabotaged . | . . . . Garrisons Compromised . | . . . . Overloaded Fab Kills . | . . . . Hacking | -11 -10 -9 -9 --------- Run | Scr Mat Mat Min Machines Accessed 5 | . 5 . . Terminals 5 | . 5 . . Fabricators . | . . . . Repair Stations . | . . . . Recycling Units . | . . . . Scanalyzers . | . . . . Garrison Access . | . . . . Total Hacks 15 | . 15 . . Successful 10 | . 10 . . Failed 5 | . 5 . . Catastrophic . | . . . . Database Lockouts . | . . . . Manual . | . . . . Terminals 15 | . 15 . . Fabricators . | . . . . Repair Stations . | . . . . Recycling Units . | . . . . Scanalyzers . | . . . . Garrison Access . | . . . . Terminal Hacks 10 | . 10 . . Emergency Access Points 1 | . 1 . . Alert Level 2 | . 2 . . Unreport Threat 1 | . 1 . . Locate Traps 3 | . 3 . . Maintenance Status 1 | . 1 . . Zone Layout 2 | . 2 . . Fabricator Hacks . | . . . . Repair Station Hacks . | . . . . Recycling Unit Hacks . | . . . . Scanalyzer . | . . . . Garrison Access Hacks . | . . . . Unauthorized Hacks . | . . . . Terminals . | . . . . Fabricators . | . . . . Repair Stations . | . . . . Recycling Units . | . . . . Scanalyzers . | . . . . Garrison Access . | . . . . Data Cores Recovered . | . . . . Used . | . . . . Hacking Detections 4 | . 4 . . Full Trace Events 3 | . 3 . . Feedback Events . | . . . . Feedback Blocked . | . . . . Robot Schematics Acquired . | . . . . Robots Built . | . . . . Authchips . | . . . . Time . | . . . . Total Robot Build Rating . | . . . . Part Schematics Acquired . | . . . . Parts Built . | . . . . Authchips . | . . . . Time . | . . . . Total Part Build Rating . | . . . . Parts Repaired . | . . . . Time . | . . . . Parts Recycled . | . . . . Recycled Matter . | . . . . Retrieved Matter . | . . . . Retrieved Components . | . . . . Parts Scanalyzed . | . . . . Part Schematics Acquired . | . . . . Parts Damaged . | . . . . Bothacking | -11 -10 -9 -9 ------------ Run | Scr Mat Mat Min Used RIF Installer . | . . . . Robots Hacked . | . . . . Non-combat . | . . . . Combat . | . . . . Robot Hacks Applied . | . . . . Relay Couplers Released . | . . . . Fabnet Peak Effective % . | . . . . Robots Rewired . | . . . . Allies Hacked . | . . . . Hacks Repelled . | . . . . Allies | -11 -10 -9 -9 -------- Run | Scr Mat Mat Min Total Allies 2 | . . . 2 Largest Group 2 | . . . 2 Highest-Rated Group 42 | . . . 42 Highest-Rated Ally 31 | . . . 31 Total Orders . | . . . . Ally Attacks 3 | . . . 3 Total Damage 58 | . . . 58 Kills 1 | . . . 1 Allies Corrupted . | . . . . Allies Melted . | . . . . Intel | -11 -10 -9 -9 ------- Run | Scr Mat Mat Min Robot Analysis Total . | . . . . Derelict Logs Recovered . | . . . . Drone Launches . | . . . . Drone Recoveries . | . . . . Exploration | -11 -10 -9 -9 ------------- Run | Scr Mat Mat Min Turns Passed 1176 | 235 711 130 100 Spaces Moved 772 | 145 483 87 57 Core 23 | 14 . . 9 Treads . | . . . . Legs 749 | 131 483 87 48 Wheels . | . . . . Hover . | . . . . Flight . | . . . . Fastest Speed 50 | 50 120 120 50 Average Speed 125 | 142 120 120 134 Slowest Speed 300 | 200 120 120 300 Overloaded Moves . | . . . . Propulsion Burnouts . | . . . . Robots Hopped . | . . . . Cave-ins Triggered . | . . . . Exploration Rate (%) 23 | 6 53 10 25 Regions Visited 3 Branch Regions 1 Pre-discovered Areas . | . . . . Known Exits Taken 3 | 1 1 1 . Unknown Exits Taken . | . . . . Scrap Searched . | . . . . Spaces Dug . | . . . . Terrain Destroyed . | . . . . Melee . | . . . . Projectile . | . . . . AOE . | . . . . Terrain Rammed . | . . . . Walls Destroyed . | . . . . Machines Disabled . | . . . . Actions | -11 -10 -9 -9 --------- Run | Scr Mat Mat Min Total 869 | 162 539 99 69 Wait . | . . . . Move 769 | 144 482 86 57 Hop . | . . . . Pick Up 12 | 5 5 2 . Fast Attach 9 | 8 1 . . Attach 9 | . 3 2 4 Detach 1 | 1 . . . Swap 2 | . 1 1 . Drop 1 | . . . 1 Fire 56 | 4 39 6 7 Melee . | . . . . Ram . | . . . . Kick 10 | . 8 2 . Crush . | . . . . Escape Stasis . | . . . . Rewire . | . . . . Trap . | . . . . Miscellaneous . | . . . . Route ------- -11/Scrapyard -10/Materials (discovered 3 exits: *Mat / *Min x2) -9/Materials -9/Mines History --------- Turn | Location | Event 19 | -11/Scrapyard | Identified exit to Materials 19 | -11/Scrapyard | Discovered exit to Materials (range 15) 236 | -11/Scrapyard | Entered Materials 236 | -10/Materials | Evolved 1 slot: Propulsion x1 312 | -10/Materials | Build established: Hacker-Mutant 385 | -10/Materials | Identified exit to Mines 385 | -10/Materials | Discovered exit to Mines (range 16) 785 | -10/Materials | Discovered exit to Mines (range 16) 939 | -10/Materials | Identified exit to Materials 939 | -10/Materials | Discovered exit to Materials (range 4) 947 | -10/Materials | Entered another Materials area 947 | -9/Materials | Evolved 2 slots: Utility x2 991 | -9/Materials | Identified exit to Mines 991 | -9/Materials | Discovered exit to Mines (range 13) 1077 | -9/Materials | Entered Mines 1128 | -9/Mines | Assembled infested the area 1166 | -9/Mines | Core integrity fell below 50% 1174 | -9/Mines | Core integrity fell below 20% 1177 | -9/Mines | Destroyed by D-53 Grenadier with Mini Grenade Launcher Last Messages --------------- 01159_ Aluminum Leg destroyed. 01160_ as-29917 destroyed. 01161_ The unstable cave ceiling collapses. 01163_ U-05 Engineer builds a Wall. 01165_ The unstable cave ceiling collapses. 01166_ K-01 Serf collects debris. 01166_ U-05 Engineer lays Concrete. 01167_ U-05 Engineer builds a Wall. 01167_ Weapon Shielding destroyed. 01169_ The unstable cave ceiling collapses. 01171_ U-05 Engineer lays Concrete. 01171_ Med. Laser destroyed. 01172_ Targeting Computer destroyed. 01172_ Ion Engine destroyed. 01172_ U-05 Engineer builds a Wall. 01173_ U-05 Engineer lays Concrete. 01174_ The unstable cave ceiling collapses. 01174_ U-05 Engineer lays Concrete. 01175_ Dropped Med. Storage Unit. 01176_ U-05 Engineer lays Concrete. Map ----- +----------------------------------------------------+ | ?????????????????????????????????????????????????? | | ?????????????????????????????????????????????????? | | ?????????????????????????????????????????????????? | | ?????????????????????????????????????????????????? | | ?????????????????????????????????????????????????? | | ?????????????????????????????????????????????????? | | ?????????????????????????????????????????????????? | | ?????????????????????????????????????????????????? | | ?????????????????????????????????????????????????? | | ?????????????????????????????????????????????????? | | ????????????????????????? ??????????????????????? | | ????????????????????????? ??????????????????????? | | ????????????????????????? ??????????????????????? | | ????????????????????????? #?????????????????????? | | ???????????????????????## #?##??????????????????? | | ???????????????????????# ## ??????????????????? | | ???????????????###????? !%| ???????????????????? | | ???????????????? ???? ! ???????????????????? | | ????????????????## #???#a ????????????????????? | | ????????????????# #?## ????????????????????? | | ????????????????# ## ?????????????????????? | | ?????????????????# < ?????????????????????? | | ?????????????????# #?????????????????????? | | ??????????????????# ###?????? ??????????? | | ??????????????????# ##??? ?????????? | | ??????????????????# @ #?? ?????????? | | ??????????????????# # ????????? | | ??????????????????# !! ????????? | | ??????????????????# ????????? | | ??????????????????## # ????????? | | ???????????????????## #? ?????????? | | ????????????????????# #?? ?????????? | | ????????????????????# k #?? ? ###??????????? | | ????????????????????# u ##?? ??#????????????? | | ????????????????????## *=dd! #??# ???????????????? | | ?????????????????????# #u## #??# ???????????????? | | ?????????????????????# # ####??# ???????????????? | | ?????????????????????#### ##????# #??????????????# | | ????????????????????????# ##????# #??????????????# | | ????????????????????????# #??#### #??????????????# | | ????????????????????????# #??# #??????????????? | | ????????????????????????# #??# ## #####??????????# | | ????????????????????????# #??# ## ???????????# | | ?????????????????# ????# #?## ## #?????????????# | | ?????????????????# ### ### #??????####??## | | ?????????????????# % ######## #### | | ????????????????# ##" ## | | ???????????? ??##### | | ???????????# ?? ##???????## ######## | | ??????????????? ???????????## #??????## | +----------------------------------------------------+ Best States ------------- Heat Dissipation 28 Energy Generation 10 Energy Capacity 250 Matter Stores 300 Matter Capacity 300 Sight Range 16 Terrain Scan Density 10 Armor Coverage 150 Resistance: KI 35 Resistance: TH 35 Resistance: EX 35 Resistance: EM 35 Resistance: I 35 Resistance: S 35 Resistance: P 35 Weapon Shielding 33 Evasion (%) 55 Targeting Accuracy 5 Offensive Hacking 20 Item Schematics ----------------- None Robot Schematics ------------------ None Fabricated ------------ Nothing Alien Tech Used ----------------- None Achievements -------------- None Challenges ------------ None Game ------ Seed StorageGravitonNanosword Manual? 0 Play Time 00:16:09 Cumulative 31.4 hours Start 2022.08.22 @ 01:36:36 End 2022.08.22 @ 01:58:47 Sessions 1 Manual Loads 0 Difficulty Explorer Special Mode None Game No. 47 Rogue 0 Adventurer 0 Explorer 47 Win Type - Total 0 Types 0/0/0/0/0/0/0/0/0 Lore% 6 Gallery% 26 Achievement% 20 Wizard Run 0 Options --------- ASCII 0 Keyboard 1 Movement Arrows Keybinds 0 Fullscreen 1 Font 18/Smallcaps Map View 76x50 Tactical HUD 1 Map Filters NONE Filters NONE Steam 1 RUN: 48610e38-df36-4f54-bfb8-0e8be9965703